Map: Void Thrashing

Players

NamroodTuo

  • Race: Zerg Zerg

Enk

  • Race: Protoss Protoss
  • Spawn Location: 9:00

VOD

Have the link to the VOD?

Description

Time

  • Played on: April 29, 2023, 7:41 a.m.
  • Length: 16:23
Show
View Real Time Build Order
Export as new Build Order

NamroodTuo Zerg 

Build Orders:  

Get SALT Encoding   

  12  0:22  Infested Barracks  
  12  0:26  Infested SCV  
  13  0:48  Overlord  
  13  0:49  Infested SCV  
  14  0:54  Infested SCV  
  15  1:22  Infested SCV  
  15  1:24  Infestation Level 1  
  16  1:30  Infested SCV  
  16  1:36  Infested SCV  
  18  1:49  Overlord  
  18  1:50  Infested SCV  
  18  1:54  Infested SCV  
  20  2:04  Infested Refinery  
  20  2:09  Infested SCV  
  21  2:18  Infested Marine x3  
  21  2:19  Infested Marine x6  
  30  2:29  Infested SCV  
  31  2:38  Infested Refinery  
  31  2:44  Overlord  
  31  2:59  Overlord  
  31  3:22  Overlord  
  31  3:47  Infested Marine  
  31  3:48  Infested Marine x19  
  40  4:20  Anaerobic Enhancement  
  40  4:22  Infested Barracks Tech Lab  
  37  4:30  Infested SCV x3  
  37  4:31  Infested SCV  
  40  4:43  Infested SCV  
  41  4:50  Infested Command Center  
  41  5:10  Retinal Augmentation  
  41  5:18  Infested Engineering Bay  
  40  5:26  Infested Factory  
  32  5:31  Infested SCV x3  
  30  5:55  Infestation Level 2  
  30  6:04  Overlord  
  30  7:07  Plagued Munitions  
  30  7:09  Infested SCV  
  31  7:12  Infested Factory, Infested SCV x4  
  31  7:13  Infested SCV  
  36  7:46  Infested Armory  
  36  7:51  Infested Refinery  
  36  7:55  Broodling Gestation  
  36  7:56  Infested Refinery  
  36  7:57  Infested SCV x2  
  38  8:21  Unknown  
  42  8:33  Infested Bunker  
  42  8:57  Infested Bunker  
  46  9:30  Infested Marine  
  46  9:31  Infested Marine x12  
  46  9:32  Infested Marine x5  
  68  9:41  Infested Bunker  
  75  10:34  Stukov Infantry Armor Level 1  
  73  10:43  Infested SCV x2  
  73  10:44  Infested SCV x2, Infested Bunker  
  76  10:52  Infested SCV  
  77  11:08  Overseer x3  
  77  11:09  Overseer x2  
  77  11:11  Overlord  
  63  11:34  Infested Bunker  
  63  12:07  Infested Marine  
  63  12:08  Infested Marine x11  
  75  12:18  Infested Bunker  
  83  12:49  Overlord x2  
  83  12:50  Overlord x2, Aggressive Incubation  
  83  13:08  Infested Bunker  
  80  13:14  Stukov Infantry Weapons Level 1  
  78  13:55  Infestation Level 3  
  71  14:29  Infested Bunker  
  79  14:32  Infested Bunker  
  79  14:35  Infested Bunker  
  79  14:39  Infested Colonist Compound  
  83  14:50  Infested Marine  
  83  14:51  Infested Marine x2  
  83  14:57  Overlord x2  
  83  14:58  Overlord x2  
  85  15:42  Infested Marine  
  85  15:43  Infested Marine x10  
  85  15:44  Infested Marine x7  
  103  15:50  Overlord x3  
  103  15:51  Overlord  
Show
View Real Time Build Order
Export as new Build Order

Enk Protoss 

Build Orders:  

Get SALT Encoding   

  12  0:03  Probe (Chrono Boost)  
  13  0:16  Probe (Chrono Boost)  
  14  0:27  Probe (Chrono Boost)  
  15  0:38  Probe (Chrono Boost)  
  16  0:44  Gateway  
  16  0:49  Probe (Chrono Boost)  
  17  0:56  Assimilator  
  17  1:03  Probe (Chrono Boost)  
  18  1:12  Assimilator  
  18  1:15  Probe (Chrono Boost)  
  19  1:27  Probe (Chrono Boost)  
  20  1:38  Probe (Chrono Boost)  
  21  1:49  Probe (Chrono Boost)  
  22  1:53  Cybernetics Core  
  22  1:57  Pylon  
  23  2:01  Probe (Chrono Boost)  
  23  2:12  Probe (Chrono Boost)  
  23  2:14  Zealot  
  26  2:23  Probe (Chrono Boost)  
  26  2:29  Zealot  
  29  2:36  Probe (Chrono Boost)  
  30  2:49  Probe (Chrono Boost)  
  31  2:52  Twilight Council  
  32  3:00  Probe (Chrono Boost)  
  32  3:37  Nexus  
  32  3:42  Probe (Chrono Boost)  
  33  3:59  Probe (Chrono Boost)  
  34  4:00  Trillic Compresion Mesh  
  34  4:10  Assimilator  
  34  4:14  Probe (Chrono Boost)  
  35  4:25  Probe (Chrono Boost)  
  36  4:37  Probe (Chrono Boost)  
  37  4:48  Probe (Chrono Boost)  
  38  4:57  Assimilator  
  39  5:00  Probe (Chrono Boost)  
  40  5:11  Probe (Chrono Boost)  
  40  5:18  Probe (Chrono Boost)  
  41  5:26  Probe (Chrono Boost)  
  42  5:30  Singularity Charge  
  42  5:32  Probe (Chrono Boost)  
  42  5:37  Probe (Chrono Boost)  
  44  5:42  Forge  
  44  5:44  Forge  
  44  5:46  Forge  
  44  5:47  Probe (Chrono Boost)  
  44  5:48  Probe (Chrono Boost), Protoss Ground Weapons Level 1  
  46  5:58  Probe (Chrono Boost)  
  46  5:59  Probe (Chrono Boost)  
  48  6:06  Protoss Shields Level 1  
  48  6:09  Protoss Ground Armor Level 1  
  50  6:10  Probe x2 (Chrono Boost)  
  50  6:13  Robotics Facility  
  51  6:21  Probe x2 (Chrono Boost)  
  51  6:29  Charge  
  52  7:14  Gateway  
  52  7:16  Gateway x2  
  52  7:23  Protoss Ground Weapons Level 2  
  52  7:37  Gateway  
  52  7:38  Gateway  
  52  7:45  Gateway x2  
  52  7:48  Protoss Shields Level 2  
  52  8:01  Dragoon x2  
  52  8:02  Dragoon  
  52  8:08  Whirlwind  
  58  8:36  Observer  
  58  8:38  Dragoon x3  
  58  8:39  Dragoon  
  67  8:52  Protoss Ground Armor Level 2  
  63  9:07  Dragoon x3  
  69  9:13  Dragoon  
  69  9:19  Protoss Ground Weapons Level 3  
  71  9:48  Protoss Shields Level 3  
  71  10:14  Dragoon x3  
  71  10:15  Dragoon x4  
  71  10:16  Dragoon x4  
  93  10:53  Dragoon  
  93  10:54  Dragoon x3  
  101  11:14  Dragoon  
  103  11:30  Protoss Ground Armor Level 3  
  103  11:38  Dragoon  
  103  11:39  Dragoon x2  
  109  11:49  Observer  
  106  12:32  Dragoon x4  
  106  12:33  Dragoon  
  106  12:34  Zealot x2  
  106  12:35  Zealot x2  
  106  12:36  Zealot  
  106  12:38  Observer  
  125  13:02  Observer  
  125  13:05  Zealot x2  
  125  13:06  Zealot x4  
  134  13:46  Dragoon x2  
  134  13:47  Dragoon x3  
  144  14:21  Dragoon  
  144  14:22  Dragoon x4  
  144  14:23  Dragoon x2  
  150  15:01  Observer  
  150  15:04  Dragoon x3  
  150  15:05  Dragoon x3  
  150  15:06  Dragoon  
Tags
 
Commander
ArtanisStukov
Matchup
Co-op
Replay Pack
Multiplayer
Add a new tag
Caveats
  • Supply blocks, unpowered buildings, or Contaminate may cause inaccurate times.
  • Supply counts are checked every 10 seconds.